 Dungeon Crawl Stone Soup version 0.31-a0-574-g69dc8cc98e (webtiles) character file.

Game seed: 12491549712656549705

1449 Xavori the Covert (level 8, 0/59 HPs)
             Began as an Octopode Chaos Knight on Aug 18, 2023.
             Was a Plaything of Xom.
             Slain by a white ugly thing (9 damage)
             ... on level 6 of the Dungeon.
             The game lasted 00:05:20 (11876 turns).

Xavori the Covert (Octopode Chaos Knight)          Turns: 11876, Time: 00:05:21

Health: 0/59       AC:  8    Str: 22    XL:     8   Next: 75%
Magic:  8/8        EV: 14    Int: 13    God:    Xom [....*.]
Gold:   258        SH:  0    Dex: 12    Spells: 4/7 levels left

rFire   . . .        w - +2 rapier (speed)
rCold   . . .        (no shield)
rNeg    . . .        (helmet currently unavailable)
rPois   .            m - amulet of regeneration
rElec   +            q - +6 ring of strength
rCorr   .            (no ring)
SInv    .            (no ring)
Will    .....        (no ring)
Stlth   +++++        (no ring)
HPRegen 1.09/turn    (no ring)
MPRegen 0.11/turn    (no ring)
                     (no ring)

%: no passive effects
@: beast-form
A: beast (slay +2), almost no armour, amphibious, 8 rings, camouflage 1,
gelatinous body 1, (nimble swimmer 1), tentacles, beak, iridescent scales 3,
high MP 1, robust 1, shaggy fur 1, electricity resistance, strong 1, wild magic
1, MP-powered wands
a: Begin Untransformation, Renounce Religion


You were on level 6 of the Dungeon.
You worshipped Xom.
You were a beloved toy of Xom.
You were a hulking beast.
You visited 1 branch of the dungeon, and saw 6 of its levels.

You collected 324 gold pieces.
You spent 66 gold pieces at shops.

Inventory:

Hand Weapons
 a - a +1 short sword of chaos
 w - a +2 rapier of speed (weapon)
Armour
 i - a +0 hat
Jewellery
 m - an amulet of regeneration (around mantle)
 q - a +6 ring of strength (left tentacle)
 v - a ring of magical power
Talismans
 g - a beast talisman (active)
 t - a maw talisman
Wands
 b - a wand of mindburst (18)
Scrolls
 c - a scroll of revelation
 d - 2 scrolls of poison
 e - a scroll of blinking {unknown}
 h - 2 scrolls of teleportation
 j - 3 scrolls of brand weapon
 l - 3 scrolls of fog
Potions
 f - a potion of haste {unknown}
 k - 3 potions of enlightenment {unknown}
 n - 3 potions of curing {unknown}
 o - a potion of heal wounds
 p - 2 potions of mutation {unknown}
 r - 2 potions of resistance {unknown}
 s - a potion of lignification {unknown}
 u - a potion of ambrosia {unknown}


   Skills:
 + Level 4.4 Fighting
 + Level 6.2 Short Blades
 + Level 4.2 Dodging
 + Level 8.0 Stealth
 * Level 3.8 Shapeshifting


You had 4 spell levels left.
You knew the following spells:

 Your Spells              Type           Power      Damage    Failure   Level
a - Swiftness             Air            0%         N/A       75%         3

Your spell library contained the following spells:

 Spells                   Type           Power      Damage    Failure   Level
 Shock                    Conj/Air       0%         1d3       38%         1
 Vhi's Electric Charge    Tloc/Air       0%         N/A       75%         3
 Airstrike                Air            0%         2d(0-16)  98%         4
 Arcjolt                  Conj/Air       0%         1d10      100%        5
 Maxwell's Capacitive Co  Air            0%         ∞         100%        8


Dungeon Overview and Level Annotations

Branches:
Dungeon (6/15)
 Temple: D:4-7

Altars:
Xom

Shops:
D:1 ?

Annotations:
D:2 1 runed translucent door, Crazy Yiuf


Innate Abilities, Weirdness & Mutations

You are a hulking beast.
Your limbs bulge with bestial killing power. (Slay +2)
You cannot wear most types of armour.
You are amphibious.
You can wear up to eight rings at the same time.
Your skin changes colour to match your surroundings (Stealth+).
Your rubbery body absorbs attacks. (AC +1, EV +1)
((You are camouflaged when in or above water. (Stealth+)))
You have tentacles for arms and can constrict up to eight enemies at once.
You have a beak for a mouth.
You are completely covered in iridescent scales. (AC +6)
You have an increased reservoir of magic. (+10% MP)
You are robust. (+10% HP)
You are covered in fur. (AC +1)
You are resistant to electric shocks. (rElec)
Your muscles are strong. (Str +4, Int/Dex -1)
Your spells are a little harder to cast, but a little more powerful.
You expend magic power (3 MP) to strengthen your wands.


Message History

Blork the orc is heavily wounded.
You constrict Blork the orc.
Blork the orc points at you and mumbles some strange words.
The magic dart hits you.
You puncture Blork the orc! You peck Blork the orc.
Blork the orc is almost dead.
You constrict Blork the orc. You hit Blork the orc.
You kill Blork the orc!
Your Stealth skill increases to level 8!
No target in view!
o - a potion of heal wounds A white ugly thing comes into view.
Found a stone staircase leading up.
The white ugly thing moves out of view.
Xom's power flows through you!
A four-headed hydra appears.
The white ugly thing gurgles horribly!
There is an open door here.
A white ugly thing is nearby!
A white ugly thing is nearby!
The white ugly thing engulfs you. The white ugly thing freezes you!
A shower of butterflies erupts from you!
Your four-headed hydra bites the white ugly thing! x3
Your four-headed hydra closely misses the white ugly thing.
You hit the white ugly thing. You grab the white ugly thing.
You squeeze the white ugly thing, but do no damage.
The white ugly thing is heavily wounded.
You constrict the white ugly thing. The white ugly thing engulfs you!
The white ugly thing freezes you!!
* * * LOW HITPOINT WARNING * * *
Xom is amused.
You release your grip on the white ugly thing.
Your four-headed hydra barely misses the white ugly thing.
Your four-headed hydra bites the white ugly thing.
Your four-headed hydra barely misses the white ugly thing. x2
You swap places.
The white ugly thing puts on a burst of speed as it pursues you!
You swap places.
The white ugly thing engulfs you!
You die...
Xom yawns loudly!

#########.#..##...........
#.......#.#..#######.....#
#.......#'#..## #......'
#.......b.....### #......#
#.....b.......'.# #.#.....
#......b.Db.<.#.###.######
#......b......#.#...#
#######.bu....#.#.###
###h#.###.#.# #.# # #.#.#
#.# #)#.# #.#.# #.#.#
#.#.# #.#.# #.#.# #.#.#
#.#.# #.#.# #.#.# #.#.#
#.#.# #.#.#


You could see a white ugly thing (pursuing, ally target) and a friendly
four-headed hydra (summoned).

Vanquished Creatures
  A black bear (D:6)
  A sky beast (D:6)
  The ghost of Lemondrips the Insei, an amateur DsSh (D:4)
  A phantom (D:5)
  Blork the orc (D:6)
  2 scorpions
  4 wights (D:6)
  A gnoll bouda (D:4)
  3 hounds
  A jelly (D:6)
  4 orc priests
  4 iguanas
  3 sleepcaps
  2 orc wizards (D:6)
  4 gnolls (D:4)
  9 adders
  A shadow imp (D:6)
  A worm (D:5)
  A dart slug (D:2)
  8 orcs
  2 endoplasms
  2 giant cockroaches
  7 goblins
  7 hobgoblins
  3 jackals (D:2)
  4 kobolds
  4 quokkas
  13 ball pythons
  8 bats
  2 frilled lizards
  3 rats
108 creatures vanquished.

Notes
Turn   | Place    | Note
-------+----------+-------------------------------------------
     0 | D:1      | Xavori the Octopode Chaos Knight began the quest for the
                  | Orb.
     0 | D:1      | Reached XP level 1. HP: 16/16 MP: 1/1
    36 | D:1      | XOM: potion effect (might)
    79 | D:1      | XOM: potion effect (haste)
    83 | D:1      | Reached XP level 2. HP: 21/21 MP: 2/2
   341 | D:1      | Found Xeariemp's Magic Scroll Emporium.
   873 | D:1      | Reached XP level 3. HP: 26/26 MP: 3/3
  1152 | D:1      | XOM: divination: detect items
  1401 | D:1      | XOM: divination: detect creatures
  1570 | D:1      | XOM: silly message
  2188 | D:1      | XOM: silly message
  3167 | D:1      | XOM: silly message
  3965 | D:1      | XOM is BORED!
  5300 | D:1      | XOM: summons 1 hostile demon
  5531 | D:1      | XOM: give mutations
  5531 | D:1      | Gained mutation: You are robust. (+10% HP) [Xom's grace]
  5531 | D:1      | Gained mutation: You are partially covered in iridescent
                  | scales. (AC +2) [Xom's grace]
  5531 | D:1      | Gained mutation: You expend magic power (3 MP) to
                  | strengthen your wands. [Xom's grace]
  5722 | D:1      | XOM is BORED!
  6963 | D:1      | XOM: god gift: glowing shortbow {god gift}
  7150 | D:1      | XOM: summons 2 hostile demons
  8031 | D:1      | XOM: silly message
  8099 | D:1      | XOM: god gift: runed morningstar {god gift}
  8303 | D:1      | XOM: god gift: 42 gold pieces
  8500 | D:1      | XOM: give mutations
  8500 | D:1      | Gained mutation: You have very sharp teeth. [Xom's grace]
  8500 | D:1      | Gained mutation: You have an increased reservoir of magic.
                  | (+10% MP) [Xom's grace]
  8500 | D:1      | Gained mutation: You are covered in fur. (AC +1) [Xom's
                  | grace]
  8500 | D:1      | Gained mutation: You are somewhat resistant to further
                  | mutation. [Xom's grace]
  8615 | D:1      | XOM: give mutations
  8615 | D:1      | Gained mutation: Your muscles are strong. (Str +4, Int/Dex
                  | -1) [Xom's grace]
  8615 | D:1      | Lost mutation: You are somewhat resistant to further
                  | mutation. [Xom's grace]
  8615 | D:1      | Gained mutation: You have hidden genetic potential. [Xom's
                  | grace]
  8615 | D:1      | Gained mutation: You are mostly covered in iridescent
                  | scales. (AC +4) [Xom's grace]
  8668 | D:1      | Bought a scroll of identify for 22 gold pieces
  8668 | D:1      | Bought a scroll of teleportation for 33 gold pieces
  8668 | D:1      | Bought a scroll of noise for 11 gold pieces
  8828 | D:2      | Reached skill level 1 in Stealth
  8885 | D:2      | XOM: god gift: +0 hat
  8985 | D:2      | Reached skill level 2 in Stealth
  8994 | D:2      | Reached XP level 4. HP: 33/34 MP: 4/4
  9010 | D:2      | Gained mutation: You are completely covered in iridescent
                  | scales. (AC +6) [hidden potential]
  9256 | D:2      | XOM: silly message
  9348 | D:2      | Found a runed translucent door.
  9349 | D:2      | Noticed Crazy Yiuf
  9578 | D:3      | Reached skill level 3 in Stealth
  9603 | D:3      | Reached skill level 1 in Shapeshifting
  9636 | D:3      | XOM: 8-stop teleportation journey
  9662 | D:3      | Reached XP level 5. HP: 39/39 MP: 5/5
  9681 | D:3      | Gained mutation: Your spells are a little harder to cast,
                  | but a little more powerful. [hidden potential]
  9681 | D:3      | Lost mutation: You have hidden genetic potential. [hidden
                  | potential expressed]
  9853 | D:3      | XOM: scenery: 1 doors open
 10155 | D:4      | XOM: divination: magic mapping
 10281 | D:4      | XOM: potion effect (heal wounds)
 10299 | D:4      | Reached skill level 4 in Stealth
 10299 | D:4      | Reached XP level 6. HP: 47/47 MP: 6/6
 10488 | D:4      | Found a runed translucent door.
 10492 | D:4      | Noticed Lemondrips's ghost (amateur DsSh)
 10823 | D:4      | XOM: cloud trail
 10849 | D:4      | Killed Lemondrips's ghost
 10878 | D:5      | XOM: stealth player
 10878 | D:5      | Entered Level 5 of the Dungeon
 10886 | D:5      | Reached skill level 5 in Stealth
 10886 | D:5      | Reached XP level 7. HP: 51/51 MP: 7/7
 11046 | D:5      | Reached skill level 5 in Short Blades
 11158 | D:5      | XOM: give mutations
 11158 | D:5      | Gained mutation: You are resistant to electric shocks.
                  | (rElec) [Xom's grace]
 11158 | D:5      | Lost mutation: You have very sharp teeth. [Xom's grace]
 11158 | D:5      | Gained mutation: You have a beak for a mouth. [Xom's grace]
 11180 | D:5      | XOM: summons 1 hostile demon
 11378 | D:6      | Reached skill level 6 in Stealth
 11402 | D:6      | Reached XP level 8. HP: 50/59 MP: 8/8
 11427 | D:6      | Found a shimmering altar of Xom.
 11527 | D:6      | XOM: scenery: create altars
 11626 | D:6      | Reached skill level 7 in Stealth
 11693 | D:6      | XOM: polymorph ufetubus -> shadow imp
 11808 | D:6      | Learned a level 3 spell: Swiftness
 11827 | D:6      | Noticed Blork the orc
 11838 | D:6      | Killed Blork the orc
 11839 | D:6      | Reached skill level 8 in Stealth
 11868 | D:6      | Noticed a white ugly thing
 11869 | D:6      | XOM: cast spell 'Summon Hydra'
 11872 | D:6      | XOM: butterfly on damage
 11876 | D:6      | Slain by a white ugly thing

Illustrated notes

Levels and vault maps discovered:
D:1:      roderic_octagonal_star, layout_basic, serial_shops,
          nicolae_shop_rolled_up, hex_intersection, minmay_crystal_water,
          hangedman_glass_teeth, hangedman_decor_opposing,
          chequers_serial_rivers_room_b, supply_closet_lemuel
D:2:      layout_loops_ring, uniq_crazy_yiuf_cottage
D:3:      cheibrodos_helix_gallery, layout_basic, nicolae_figureground_sparkle
D:4:      layout_basic, gammafunk_ghost_grave
D:5:      layout_cave_pools
D:6:      layout_basic, mainiacjoe_overflow_boulevard, kennysheep_flooded_box,
          corexii_corridor_pit, uniq_blork_the_orc

Skill      XL: |  1  2  3  4  5  6  7  8 |
---------------+-------------------------+-----
Stealth        | 2 3 4 5 6 8 |  8.0
Short Blades   | 4 5 6 |  6.2
Shapeshifting  | 1 2 3 |  3.8
Dodging        | 3 4 |  4.2
Fighting       | 4 |  4.4

Action                     |  1- 3 |  4- 6 |  7- 9 || total
---------------------------+-------+-------+-------++-------
  Melee: Short sword       |    66 |   100 |    16 ||   182
         Constrict         |    16 |    22 |    18 ||    56
         Tentacles         |     7 |    23 |    23 ||    53
         Bite              |     1 |    17 |     2 ||    20
         Punch             |       |     2 |     1 ||     3
         Rapier            |       |       |    70 ||    70
         Peck              |       |       |    18 ||    18
    Use: Scroll            |     2 |     4 |     1 ||     7
         Potion            |       |     1 |       ||     1
   Stab: Sleeping          |     3 |     6 |    11 ||    20
         Petrifying        |     1 |       |       ||     1
         Distracted        |       |     1 |       ||     1
 Armour: Skin              |     6 |    25 |    18 ||    49
  Dodge: Dodged            |    31 |    96 |    21 ||   148
   Form: Beast             |     1 |       |       ||     1

Table legend: (Time is in decaauts)
 A = Elapsed time spent in this place.
 B = Non-inter-level travel time spent in this place.
 C = Inter-level travel time spent in this place.
 D = Time resting spent in this place.
 E = Time spent auto-exploring this place.
 F = Levels seen in this place.
 G = Mean time per level.
                   A        B        C        D        E       F      G
               +--------+--------+--------+--------+--------+-----+--------+
         Total |  11794 |  11493 |    301 |   7754 |   3019 |   6 | 1965.7 |
       Dungeon |  11794 |  11493 |    301 |   7754 |   3019 |   6 | 1965.7 |
               +--------+--------+--------+--------+--------+-----+--------+

Top non-repeatable levels by time:
     D:1: 8270 daAuts
     D:2: 1172 daAuts
     D:4: 845 daAuts
     D:3: 540 daAuts
     D:6: 494 daAuts
     D:5: 470 daAuts
